 Dungeon Crawl Stone Soup version 0.26-a0-859-gf57989e088 (webtiles) character file.

Game seed: 7553058085886478327

9 Morbidden the Ruffian (level 2, 0/23 HPs)
             Began as a Draconian Transmuter on Nov 25, 2020.
             Slain by a leopard gecko (4 damage)
             ... on level 1 of the Dungeon.
             The game lasted 00:00:30 (643 turns).

Morbidden the Ruffian (Draconian Transmuter)         Turns: 643, Time: 00:00:31

Health: 0/23       AC:  4    Str: 12    XL:     2   Next: 6%
Magic:  5/5        EV: 12    Int: 13    God:
Gold:   0          SH:  0    Dex: 11    Spells: 4/5 levels left

rFire    . . .     SeeInvis .     - Unarmed
rCold    . . .     Faith    .   (no shield)
rNeg     . . .     Spirit   .   (armour unavailable)
rPois    .         Reflect  .   (helmet restricted)
rElec    .         Harm     .   (no cloak)
rCorr    .         Rampage  .   (no gloves)
MR       .....                  (no boots)
Stlth    +.........             (no amulet)
HPRegen  0.07/turn              (no ring)
MPRegen  0.09/turn              (no ring)

@: no status effects
A: unfitting armour, cold-blooded, AC +4
a: no special abilities


You were on level 1 of the Dungeon.
You visited 1 branch of the dungeon, and saw 1 of its levels.

Inventory:

Missiles
 d - 2 javelins (quivered)
Scrolls
 b - a scroll of identify {unknown}
Potions
 a - a potion of curing {unknown}
 c - a potion of flight {unknown}


   Skills:
 * Level 1.5 Fighting
 * Level 1.8 Dodging
 + Level 3.2 Unarmed Combat
 * Level 2.2 Spellcasting
 + Level 2.0 Transmutations


You had 4 spell levels left.
You knew the following spells:

 Your Spells              Type           Power        Failure   Level
a - Beastly Appendage     Tmut           #.....       11%         1

Your spell library contained the following spells:

 Spells                   Type           Power        Failure   Level
 Wereblood                Tmut           #.......     17%         2
 Spider Form              Tmut/Pois      #.........   45%         3
 Ice Form                 Ice/Tmut       #.......     86%         4
 Blade Hands              Tmut           #.........   97%         5


Dungeon Overview and Level Annotations

Branches:
Dungeon (1/15)

Altars:


Innate Abilities, Weirdness & Mutations

Your plain brown scales are hard. (AC +4)
You cannot fit into any form of body armour.
You are cold-blooded and may be slowed by cold attacks.


Message History

You have reached level 2!
Unknown command.
Throwing (i - inventory)
d - 4 javelins (quivered)
Press: ? - help, Shift-Dir - straight line, f - leopard gecko
Aim: a leopard gecko You throw a javelin.
The javelin closely misses the leopard gecko.
The javelin barely misses the hobgoblin.
The leopard gecko closely misses you. The leopard gecko barely misses you.
Unknown command.
Unknown command.
Throwing (i - inventory)
d - 3 javelins (quivered)
Press: ? - help, Shift-Dir - straight line, f/p - leopard gecko
Aim: a leopard gecko You throw a javelin.
The javelin misses the leopard gecko.
The javelin pierces through the hobgoblin but does no damage.
The hobgoblin is severely wounded.
Your horns disappear.
Your talons disappear.
The leopard gecko bites you.
You die...

......# ......# ......#
......################
......'............... .
......##........##### ..
......##........# #######?..
......##........###^........
.......'........@lg....(...(
......##........###.........
......##........# #.........
####'###........###......##+
###....'..........+[.....+
≈≈######..........#......#
⌠≈######..........#......#
≈≈##.<##..........#.......#
####..#####))(.............#


You could see a leopard gecko and a hobgoblin.

Vanquished Creatures
  A leopard gecko (D:1)
  2 giant cockroaches (D:1)
  2 hobgoblins (D:1)
  3 kobolds (D:1)
8 creatures vanquished.

Notes
Turn   | Place    | Note
-------+----------+-------------------------------------------
     0 | D:1      | Morbidden the Draconian Transmuter began the quest for the
                  | Orb.
     0 | D:1      | Reached XP level 1. HP: 16/16 MP: 3/3
   642 | D:1      | Reached XP level 2. HP: 4/23 MP: 5/5
   643 | D:1      | Slain by a leopard gecko

Illustrated notes

Levels and vault maps discovered:
D:1:      sevenhm_arrival_forest_fort_small_3, layout_basic

Action                   || total
-------------------------++-------
Melee: Unarmed           ||    24
       Kick              ||     3
       Headbutt          ||     1
Throw: Javelin           ||     5
 Cast: Beastly Appendage ||     3
Armor: Skin              ||    12
Dodge: Dodged            ||    28

Table legend: (Time is in decaauts)
 A = Elapsed time spent in this place.
 B = Non-inter-level travel time spent in this place.
 C = Inter-level travel time spent in this place.
 D = Time resting spent in this place.
 E = Time spent auto-exploring this place.
 F = Levels seen in this place.
 G = Mean time per level.
                   A        B        C        D        E       F      G
               +--------+--------+--------+--------+--------+-----+--------+
         Total |    643 |    602 |     41 |      0 |    537 |   1 |  643.0 |
       Dungeon |    643 |    602 |     41 |      0 |    537 |   1 |  643.0 |
               +--------+--------+--------+--------+--------+-----+--------+

Top non-repeatable levels by time:
     D:1: 643 daAuts
